 Dungeon Crawl Stone Soup version 0.23.2-40-g277498a001 (webtiles) character file.

Game seed: 2758531659463367632

635 EtherCrawl the Shield-Bearer (level 7, -5/81 HPs)
             Began as a Human Fighter on Aug 30, 2019.
             Was a Follower of Zin.
             Killed from afar by an orc wizard (7 damage)
             ... with a magic dart
             ... on level 4 of the Dungeon.
             The game lasted 00:06:51 (3536 turns).

EtherCrawl the Shield-Bearer (Human Fighter)        Turns: 3536, Time: 00:06:52

Health: -5/81      AC: 10    Str: 22    XL:     7   Next: 79%
Magic:  17/18      EV:  7    Int: 10    God:    Zin [*.....]
Gold:   152        SH: 10    Dex: 12    Spells: 6/6 levels left

rFire    + . .     SeeInvis .   v - +0 scimitar
rCold    . . .     Gourm    .   c - +0 shield
rNeg     . . .     Faith    .   b - +0 scale mail
rPois    .         Spirit   .   (no helmet)
rElec    .         Reflect  .   (no cloak)
rCorr    .         Harm     .   t - +2 pair of gloves
MR       .....                  (no boots)
Stlth    ..........             (no amulet)
HPRegen  0.23/turn              y - ring of magical power
MPRegen  0.16/turn              z - ring of protection from fire

@: berserking (expiring), slowed
A: no striking features
a: Recite, Donate Gold, Renounce Religion


You were on level 4 of the Dungeon.
You worshipped Zin.
Zin was aware of your devotion.
You were hungry.

You visited 1 branch of the dungeon, and saw 4 of its levels.

You collected 168 gold pieces.
You donated 16 gold pieces to Zin.

Inventory:

Hand Weapons
 v - a +0 scimitar (weapon)
Missiles
 e - 5 silver tomahawks (quivered)
 j - 31 stones
 u - 2 throwing nets
Armour
 b - a +0 scale mail (worn)
 c - a +0 shield (worn)
 t - a +2 pair of gloves (worn)
Jewellery
 p - an uncursed ring of fire
 y - a ring of magical power (left hand)
 z - a ring of protection from fire (right hand)
Scrolls
 l - 3 scrolls of teleportation
 m - a scroll of magic mapping {unknown}
 r - 2 scrolls of remove curse
 s - 2 scrolls of fear {unknown}
Potions
 a - a potion of heal wounds {unknown}
 d - a potion of might
 g - 3 potions of curing
 n - 3 potions of flight
 o - a potion of mutation {unknown}
 q - a potion of brilliance {unknown}
 w - a potion of agility {unknown}
 x - a potion of magic {unknown}
Comestibles
 f - 4 rations


   Skills:
 + Level 4.1 Fighting
 * Level 4.6 Long Blades
 + Level 4.1 Armour
 * Level 5.2 Shields
 * Level 2.7 Invocations


You had 6 spell levels left.
You didn't know any spells.
Your spell library contained the following spells:

 Spells                   Type           Power        Failure   Level  Hunger
 Beastly Appendage        Tmut           #.....       98%         1    ##.....
 Sticks to Snakes         Tmut           #.......     99%         2    ###....
 Spider Form              Tmut/Pois      #.........   100%        3    ####...
 Ice Form                 Ice/Tmut       #.......     100%        4    #####..
 Blade Hands              Tmut           #.........   100%        5    ######.


Dungeon Overview and Level Annotations

Branches:
Dungeon (4/15)
 Temple: D:4-7

Altars:
Sif Muna
Zin

Annotations:
D:3 exclusion: door


Message History

The quokka barely misses you.
You closely miss the orc wizard. The orc wizard casts a spell at you.
You feel yourself slow down.
You slash the orc wizard!
The orc wizard is severely wounded.
The orc wizard casts a spell at you.
The magic dart hits you but does no damage.
The quokka bites you.
* * * LOW HITPOINT WARNING * * *
The orc wizard hits you with a +0 dagger.
* * * LOW HITPOINT WARNING * * *
The quokka barely misses you.
You are too berserk!
You slash the orc wizard!
You kill the orc wizard!
The quokka bites you but does no damage.
The orc wizard points at you and mumbles some strange words.
The magic dart hits you!
You die...

.?... ... #....
.. ....... .
.....# ..
..#.### ...
[o...#### ....
#)##.ยง..#.....
#@##..........
#.r...<.#.(..
#####.#.# r
#...# #.....
####.... .?..
.... .....


You could see an orc wizard and a quokka.

Vanquished Creatures
  A troll (D:4)
  A crimson imp (D:3)
  The ghost of Descartes the Skirmisher, a weakling FeWn (D:3)
  An orc priest (D:3)
  A hound (D:4)
  3 orc wizards
  Natasha (D:2)
  A centaur simulacrum (D:3)
  4 adders
  4 gnolls
  2 hound simulacra (D:3)
  A worker ant simulacrum (D:3)
  An adder skeleton (D:3)
  4 dart slugs
  2 leopard geckos
  8 orcs
  3 giant cockroaches
  3 goblins
  5 hobgoblins
  3 jackals (D:3)
  A quokka (D:2)
  3 ball pythons
  5 bats
  6 frilled lizards
  A jackal simulacrum (D:3)
  6 kobolds
  8 rats
80 creatures vanquished.

Notes
Turn   | Place    | Note
-------+----------+-------------------------------------------
     0 | D:1      | EtherCrawl the Human Fighter began the quest for the Orb.
     0 | D:1      | Reached XP level 1. HP: 18/18 MP: 1/1
   340 | D:1      | Reached XP level 2. HP: 23/24 MP: 2/2
  1063 | D:2      | Reached XP level 3. HP: 28/29 MP: 3/3
  1312 | D:2      | Noticed Natasha
  1322 | D:2      | Killed Natasha
  1322 | D:2      | Reached XP level 4. HP: 31/35 MP: 4/4
  1778 | D:2      | Reached XP level 5. HP: 41/41 MP: 5/5
  1871 | D:2      | Reached skill level 4 in Shields
  2524 | D:3      | Reached XP level 6. HP: 47/47 MP: 6/6
  2585 | D:3      | Found a glowing silver altar of Zin.
  2588 | D:3      | Became a worshipper of Zin the Law-Giver
  2588 | D:3      | Reached * piety under Zin
  2626 | D:3      | Found a runed translucent gate.
  2626 | D:3      | Found a runed translucent gate.
  2626 | D:3      | Found a runed translucent gate.
  2773 | D:3      | Found a deep blue altar of Sif Muna.
  3135 | D:3      | Noticed Descartes's ghost (weakling FeWn)
  3193 | D:3      | Killed Descartes's ghost
  3193 | D:3      | Reached skill level 1 in Invocations
  3496 | D:4      | Noticed a troll
  3529 | D:4      | Reached XP level 7. HP: 21/53 MP: 8/8
  3533 | D:4      | Killed a troll
  3533 | D:4      | Reached skill level 5 in Shields
  3535 | D:4      | HP: 2/81 [orc wizard/+0 dagger (3)]
  3536 | D:4      | Killed from afar by an orc wizard

Skill      XL: |  1  2  3  4  5  6  7 |
---------------+----------------------+-----
Long Blades    | 3 4 |  4.6
Shields        | 4 5 |  5.2
Invocations    | 1 2 |  2.7
Fighting       | 4 |  4.1
Armour         | 4 |  4.1

Action                   |  1- 3 |  4- 6 |  7- 9 || total
-------------------------+-------+-------+-------++-------
Melee: Long sword        |    74 |    44 |       ||   118
       Scimitar          |       |   181 |     7 ||   188
Invok: Recite            |       |     2 |       ||     2
  Use: Scroll            |       |     8 |       ||     8
       Potion            |       |     1 |       ||     1
  Eat: Chunk             |     1 |     7 |       ||     8
Armor: Scale mail        |    32 |   160 |     3 ||   195
Dodge: Dodged            |    22 |    94 |     3 ||   119
Block: Shield            |    39 |   158 |       ||   197
       Rpst.: Long sword |     5 |     2 |       ||     7
       Scimitar          |       |    23 |       ||    23
